 Dungeon Crawl Stone Soup version 0.31-a0-152-g6aa68a64a1 (webtiles) character file.

Game seed: 9236750927312689088

5224 qw the Skirmisher (level 10, -10/90 HPs)
             Began as a Minotaur Hunter on June 10, 2023.
             Was a Believer of Okawaru.
             Mangled by a skyshark (23 damage)
             ... on level 1 of the Lair of Beasts.
             The game lasted 00:03:21 (8331 turns).

qw the Skirmisher (Minotaur Hunter)                 Turns: 8331, Time: 00:03:21

Health: -10/90     AC: 10    Str: 17    XL:     10   Next: 35%
Magic:  11/12      EV: 17    Int:  6    God:    Okawaru [**....]
Gold:   317        SH:  0    Dex: 17    Spells: 9/9 levels left

rFire   . . .        Y - +2 orcbow (freeze)
rCold   + . .        (shield currently unavailable)
rNeg    + . .        h - +1 ring mail {rC+}
rPois   .            (helmet restricted)
rElec   .            (no cloak)
rCorr   .            l - +0 pair of gloves
SInv    .            u - +0 pair of boots
Will    .....        b - amulet of faith
Stlth   +++          f - ring of positive energy
HPRegen 0.35/turn    (no ring)
MPRegen 0.13/turn

%: faith
@: about to teleport, heroic
A: horns 2, retaliatory headbutt, subdued magic 1
a: Renounce Religion, Heroism


You were on level 1 of the Lair of Beasts.
You worshipped Okawaru.
Okawaru was pleased with you.
You visited 3 branches of the dungeon, and saw 10 of its levels.

You collected 499 gold pieces.
You spent 182 gold pieces at shops.


Innate Abilities, Weirdness & Mutations

You have a pair of horns on your head.
You reflexively headbutt those who attack you in melee.
Your spells are a little easier to cast, but a little less powerful.


   Skills:
 + Level 8.7(13.7) Fighting
 - Level 13.1(18.1) Ranged Weapons
 - Level 4.0(9.0) Armour
 - Level 6.1(11.1) Dodging
 - Level 0.7(5.7) Stealth
 - Level 4.1 Invocations


You had 9 spell levels left.
You didn't know any spells.
Your spell library was empty.

Inventory:

Hand Weapons
 Y - a +2 orcbow of freezing (weapon)
Armour
 h - a +1 ring mail of cold resistance (worn)
 j - a scarf of resistance
 l - a +0 pair of gloves (worn)
 u - a +0 pair of boots (worn)
Jewellery
 b - an amulet of faith (around neck)
 f - a ring of positive energy (left hand)
 n - an amulet of reflection
Scrolls
 g - a scroll of identify
 p - a scroll of blinking {unknown}
Potions
 a - 4 potions of haste
 c - 2 potions of curing
 e - a potion of might
 i - a potion of mutation
 k - a potion of cancellation {unknown}
 m - a potion of resistance {unknown}
 o - a potion of magic

Dungeon Overview and Level Annotations

Branches:
Dungeon (8/15)             Temple (1/1) D:7            Lair (1/5) D:8

Altars:
Ashenzari
Cheibriados
Dithmenos
Elyvilon
Fedhas
Gozag
Hepliaklqana
Kikubaaqudgha
Makhleb
Nemelex Xobeh
Okawaru
Qazlal
Ru
Sif Muna
Trog
Uskayaw
Vehumet
Wu Jian
Xom
Yredelemnul
Zin

Shops:
D:1 =   D:3 :   D:7 :[[((

Annotations:
D:3 3 runed translucent doors, qw's ghost, weakling MiHu


Message History

8322 ||| INVOKING Heroism.
You gain the combat prowess of a mighty hero.
The skyshark bites you! The skyshark tail-slaps you! x2
You shoot an arrow. The arrow hits the skyshark!!
The skyshark seems to slow down.
The arrow freezes the skyshark!
The skyshark is heavily wounded.
The skyshark bites you. The skyshark misses you. The skyshark tail-slaps you.
You shoot an arrow. The arrow hits the skyshark!
The arrow freezes the skyshark.
The skyshark is heavily wounded.
The skyshark misses you. x2; The skyshark tail-slaps you.
You shoot an arrow. The arrow barely misses the skyshark.
The skyshark is no longer moving slowly.
The skyshark completely misses you. The skyshark tail-slaps you.
The skyshark closely misses you.
You shoot an arrow. The arrow hits the skyshark!!
The skyshark seems to slow down.
The arrow freezes the skyshark!
The skyshark is almost dead.
You shoot an arrow. The arrow hits the skyshark.
The arrow freezes the skyshark.
The skyshark is almost dead.
The skyshark bites you but does no damage.
The skyshark tail-slaps you. The skyshark barely misses you.
You shoot an arrow.
The arrow completely misses the skyshark.
The skyshark misses you. The skyshark tail-slaps you. x2
8329 ||| READING scroll of teleportation.
As you read the scroll of teleportation, it crumbles to dust.
You feel strangely unstable.
The skyshark is no longer moving slowly.
The skyshark closely misses you. The skyshark tail-slaps you.
The skyshark tail-slaps you but does no damage.
8330 ||| DRINKING potion of heal wounds.
You feel much better. The skyshark bites you!!
The skyshark tail-slaps you but does no damage.
The skyshark completely misses you.
You shoot an arrow.
The arrow hits the skyshark but does no damage.
The skyshark is almost dead.
The skyshark bites you!!
You die...

. ## ###.
.#...#
####.+..#
#.......#
##.......#
......l..#
#.....@.#
.........#
##........#
#####.####
##


You could see a skyshark (berserk).

Vanquished Creatures
  A two-headed ogre (D:8)
  2 komodo dragons (Lair:1)
  A polar bear (Lair:1)
  A wyvern (Lair:1)
  A basilisk (Lair:1)
  A steam dragon (D:8)
  A water moccasin (D:5)
  2 ice beasts
  3 black bears
  An orc warrior (D:8)
  A sky beast (D:6)
  3 ogres (D:5)
  A centaur (D:8)
  A phantom (D:5)
  2 kobold brigands
  8 bullfrogs
  5 scorpions
  6 wights
  5 killer bees (D:8)
  2 electric eels (Lair:1)
  A jelly (D:7)
  4 orc priests
  4 hounds
  A gnoll bouda (D:8)
  3 iguanas
  3 sleepcaps
  6 orc wizards
  9 adders
  4 gnolls
  2 white imps
  An ufetubus (D:5)
  3 worms (D:2)
  A dart slug (D:3)
  22 orcs
  6 bats
  5 endoplasms
  4 giant cockroaches
  8 goblins
  3 hobgoblins
  7 jackals
  19 kobolds
  2 quokkas
  7 ball pythons
  3 frilled lizards
  9 rats
185 creatures vanquished.

Notes
Turn   | Place    | Note
-------+----------+-------------------------------------------
     0 | D:1      | qw the Minotaur Hunter began the quest for the Orb.
     0 | D:1      | Reached XP level 1. HP: 18/18 MP: 0/0
     0 | D:1      | 0 ||| qw: Version: 0.2-a-122-gbc61b45
     0 | D:1      | 0 ||| qw: Game counter: 3577
     0 | D:1      | 0 ||| qw: Always use a shield: true
     0 | D:1      | 0 ||| qw: God list: Okawaru
     0 | D:1      | 0 ||| qw: Allow faded altars: false
     0 | D:1      | 0 ||| qw: Do Orc after D:15 true
     0 | D:1      | 0 ||| qw: Do second Lair branch before Depths: true
     0 | D:1      | 0 ||| qw: Lair rune preference: random
     0 | D:1      | 0 ||| qw: Plans: Normal
     0 | D:1      | 0 ||| PLANNING D:1-11
    67 | D:1      | Found Ysedipp's Weapon Emporium.
    79 | D:1      | Reached XP level 2. HP: 25/25 MP: 1/1
   107 | D:1      | Found Ocvikeh's Jewellery Emporium.
   122 | D:1      | Reached skill level 5 in Ranged Weapons
   204 | D:1      | Found a faded altar of an unknown god.
   281 | D:1      | Reached skill level 3 in Fighting
   457 | D:1      | 457 ||| SHOPLISTING amulet of regeneration (390 gold, have
                  | 56).
   457 | D:1      | 457 ||| SHOPLISTING amulet of the acrobat (390 gold, have
                  | 56).
   457 | D:1      | 457 ||| SHOPLISTING ring "Sybb" {Fly rElec} (409 gold, have
                  | 56).
   457 | D:1      | 457 ||| SHOPLISTING ring "Upsugir" {Will+ Int+6} (579 gold,
                  | have 56).
   457 | D:1      | 457 ||| SHOPLISTING ring of fire (325 gold, have 56).
   457 | D:1      | 457 ||| SHOPLISTING ring of ice (325 gold, have 56).
   457 | D:1      | 457 ||| SHOPLISTING ring of resist corrosion (260 gold,
                  | have 56).
   465 | D:1      | 465 ||| UPGRADING to +0 ring mail.
   475 | D:1      | 475 ||| DROPPING +0 leather armour.
   476 | D:1      | 476 ||| READING scroll labelled VEGIMAMAGAC.
   477 | D:1      | 477 ||| READING scroll labelled GOTWEOR MUU.
   478 | D:1      | 478 ||| READING scroll labelled VIQIK FUWK.
   528 | D:1      | 528 ||| DRINKING 2 black potions.
   529 | D:1      | 529 ||| DROPPING scroll of butterflies.
   530 | D:1      | 530 ||| DROPPING potion of enlightenment.
   636 | D:2      | Reached skill level 1 in Armour
   636 | D:2      | Reached XP level 3. HP: 31/31 MP: 2/2
   787 | D:2      | 787 ||| READING scroll labelled ASSY YWAMURO.
   789 | D:2      | 789 ||| FLEEEEING.
   791 | D:2      | 791 ||| FLEEEEING.
  1143 | D:2      | Reached XP level 4. HP: 38/38 MP: 3/3
  1160 | D:2      | Reached skill level 6 in Ranged Weapons
  1304 | D:2      | 1304 ||| READING scroll labelled FAAFYG KEAS.
  1305 | D:2      | 1305 ||| DRINKING 2 fuming green potions.
  1306 | D:2      | 1306 ||| READING 2 scrolls of identify.
  1306 | D:2      | 1306 ||| IDENTIFYING blue potion
  1329 | D:3      | Found Rathemuawk's Book Shop.
  1530 | D:3      | Found a runed translucent gate.
  1530 | D:3      | Noticed qw's ghost (weakling MiHu)
  1530 | D:3      | Identified the +8 hand axe of Ambiguity {flame, Str+2
                  | Int+3}
  1531 | D:3      | Found a runed translucent gate.
  1532 | D:3      | Found a runed translucent gate.
  1985 | D:3      | 1985 ||| READING scroll labelled LUMAIMETHRO.
  2086 | D:3      | 2086 ||| READING scroll labelled LIAMEU HEUSUS.
  2088 | D:3      | 2088 ||| Stepping ~*~*~tactically~*~*~ (cloud).
  2291 | D:4      | Found an ancient bone altar of Kikubaaqudgha.
  2439 | D:4      | Reached XP level 5. HP: 38/47 MP: 4/4
  2649 | D:4      | Reached skill level 7 in Ranged Weapons
  2907 | D:4      | Reached XP level 6. HP: 53/53 MP: 5/5
  3049 | D:4      | 3049 ||| UPGRADING to +0 pair of gloves.
  3054 | D:4      | 3054 ||| READING scroll labelled XACHAO ZIPOBID.
  3055 | D:4      | 3055 ||| DRINKING 2 lumpy cyan potions.
  3075 | D:5      | Entered Level 5 of the Dungeon
  3253 | D:5      | Reached skill level 8 in Ranged Weapons
  3337 | D:5      | 3337 ||| FLEEEEING.
  3343 | D:5      | 3343 ||| STAIRDANCE
  3387 | D:4      | 3387 ||| UPGRADING to amulet of reflection.
  3392 | D:4      | 3392 ||| DRINKING 2 cyan potions.
  3393 | D:4      | 3393 ||| DROPPING potion of brilliance.
  3468 | D:5      | Noticed an ice beast
  3479 | D:5      | Killed an ice beast
  3480 | D:5      | Reached skill level 3 in Armour
  3480 | D:5      | Reached XP level 7. HP: 61/61 MP: 6/6
  3492 | D:5      | Found a hide-covered altar of Uskayaw.
  3566 | D:5      | 3566 ||| FLEEEEING.
  3567 | D:5      | 3567 ||| FLEEEEING.
  3568 | D:5      | 3568 ||| FLEEEEING.
  3569 | D:5      | 3569 ||| FLEEEEING.
  3570 | D:5      | 3570 ||| FLEEEEING.
  3573 | D:5      | 3573 ||| FLEEEEING.
  3575 | D:5      | 3575 ||| FLEEEEING.
  3576 | D:5      | 3576 ||| FLEEEEING.
  3577 | D:5      | 3577 ||| FLEEEEING.
  3578 | D:5      | 3578 ||| STAIRDANCE
  3600 | D:4      | 3600 ||| READING 2 scrolls of identify.
  3600 | D:4      | 3600 ||| IDENTIFYING fuming orange potion
  3601 | D:4      | 3601 ||| DROPPING potion of magic.
  3636 | D:5      | HP: 13/61 [ogre/+0 giant club (15)]
  3637 | D:5      | 3637 ||| READING 2 scrolls of teleportation.
  3799 | D:5      | Reached skill level 9 in Ranged Weapons
  3812 | D:5      | HP: 8/61 [ogre/+0 giant club (20)]
  3813 | D:5      | 3813 ||| READING scroll of teleportation.
  3822 | D:5      | Reached skill level 3 in Dodging
  3823 | D:5      | HP: 10/61 [ufetubus (2)]
  4030 | D:5      | 4030 ||| SWAPPING to +0 orcbow.
  4031 | D:5      | 4031 ||| DROPPING +0 shortbow.
  4155 | D:5      | Reached skill level 6 in Fighting
  4155 | D:5      | Reached XP level 8. HP: 70/70 MP: 7/7
  4320 | D:5      | Identified the +0 ring mail "Illuekkuho" {Contam Rampage
                  | Str+3}
  4626 | D:5      | 4626 ||| UPGRADING to +0 ring mail "Illuekkuho" {Contam
                  | Rampage Str+3}.
  4636 | D:5      | 4636 ||| DROPPING +0 ring mail.
  4637 | D:5      | 4637 ||| DROPPING ring of wizardry.
  4638 | D:5      | 4638 ||| READING scroll labelled FAFFEA KUJIEPO.
  4639 | D:5      | 4639 ||| READING 2 scrolls labelled MOSUAC SEROIS.
  4640 | D:5      | 4640 ||| READING scroll of enchant weapon.
  4640 | D:5      | 4640 ||| ENCHANTING +1 orcbow.
  4641 | D:5      | 4641 ||| READING scroll labelled ALYRGHI OTOEJ.
  4642 | D:5      | 4642 ||| READING 2 scrolls of identify.
  4642 | D:5      | 4642 ||| IDENTIFYING green potion
  4724 | D:6      | Reached skill level 10 in Ranged Weapons
  4942 | D:6      | 4942 ||| Stepping ~*~*~tactically~*~*~ (outnumbered).
  4947 | D:6      | 4947 ||| DRINKING 3 potions of curing.
  4947 | D:6      | 4947 ||| (to cure confusion)
  4954 | D:6      | 4954 ||| Stepping ~*~*~tactically~*~*~ (outnumbered).
  5435 | D:6      | Reached skill level 11 in Ranged Weapons
  5516 | D:6      | 5516 ||| UPGRADING to amulet of faith.
  5526 | D:6      | 5526 ||| READING 2 scrolls of identify.
  5526 | D:6      | 5526 ||| IDENTIFYING white potion
  5707 | D:7      | Reached XP level 9. HP: 79/79 MP: 8/8
  5720 | D:7      | Found a staircase to the Ecumenical Temple.
  5721 | D:7      | 5721 ||| PLANNING TEMPLE
  5731 | D:7      | Found Utat's Antique Weapon Boutique.
  5784 | D:7      | Found Cixon's Antique Armour Boutique.
  5835 | D:7      | Found Toukufah's Weapon Shoppe.
  5965 | D:7      | Found Yciepsorai's Antique Armour Shoppe.
  5973 | D:7      | 5973 ||| BUYING glowing ring mail (182 gold).
  5973 | D:7      | Bought a glowing ring mail for 182 gold pieces
  5974 | D:7      | Found Gyan's Book Shoppe.
  6222 | D:7      | Identified the +5 rapier of War {vamp, rPois rF+}
  6343 | D:7      | 6343 ||| UPGRADING to +1 ring mail of cold resistance.
  6353 | D:7      | 6353 ||| DROPPING +0 ring mail "Illuekkuho" {Contam Rampage
                  | Str+3}.
  6354 | D:7      | 6354 ||| UPGRADING to ring of positive energy.
  6355 | D:7      | Gained mutation: Your spells are a little easier to cast,
                  | but a little less powerful. [mutagenic glow]
  6446 | Temple   | Entered the Ecumenical Temple
  6447 | Temple   | 6447 ||| PLANNING OKAWARU WORSHIP
  6520 | Temple   | Became a worshipper of Warmaster Okawaru
  6520 | Temple   | 6520 ||| PLANNING D:1-11
  6719 | D:8      | Reached skill level 12 in Ranged Weapons
  6726 | D:8      | 6726 ||| FLEEEEING.
  6728 | D:8      | 6728 ||| FLEEEEING.
  6729 | D:8      | 6729 ||| FLEEEEING.
  6730 | D:8      | 6730 ||| FLEEEEING.
  6731 | D:8      | 6731 ||| FLEEEEING.
  6732 | D:8      | 6732 ||| FLEEEEING.
  6733 | D:8      | 6733 ||| STAIRDANCE
  6849 | D:8      | 6849 ||| STAIRDANCE
  6899 | D:8      | 6899 ||| STAIRDANCE
  6944 | D:8      | Reached * piety under Okawaru
  6945 | D:8      | 6945 ||| INVOKING Heroism.
  7038 | D:8      | 7038 ||| Stepping ~*~*~tactically~*~*~ (cloud).
  7041 | D:8      | Noticed a two-headed ogre
  7043 | D:8      | 7043 ||| INVOKING Heroism.
  7047 | D:8      | Killed a two-headed ogre
  7047 | D:8      | Reached ** piety under Okawaru
  7048 | D:8      | Reached skill level 6 in Dodging
  7048 | D:8      | Reached skill level 3 in Invocations
  7143 | D:8      | 7143 ||| INVOKING Heroism.
  7187 | D:8      | 7187 ||| FLEEEEING.
  7275 | D:8      | Reached XP level 10. HP: 80/88 MP: 11/11
  7521 | D:8      | Found a basalt altar of Yredelemnul.
  7599 | D:8      | Found a staircase to the Lair.
  7600 | D:8      | 7600 ||| INVOKING Heroism.
  7707 | D:8      | 7707 ||| PLANNING LAIR
  7707 | D:8      | 7707 ||| UPGRADING to +0 pair of boots.
  7712 | D:8      | 7712 ||| DROPPING amulet of the acrobat.
  7713 | D:8      | 7713 ||| READING scroll labelled GAMI XECYCRI.
  7714 | D:8      | 7714 ||| READING scroll labelled OKIAVA IVOCOPH.
  7715 | D:8      | 7715 ||| READING scroll labelled GASTOU TYTOCAL.
  7716 | D:8      | 7716 ||| READING 2 scrolls of identify.
  7716 | D:8      | 7716 ||| IDENTIFYING sapphire potion
  7717 | D:8      | 7717 ||| DROPPING potion of invisibility.
  7732 | Lair:1   | Entered Level 1 of the Lair of Beasts
  7740 | Lair:1   | 7740 ||| INVOKING Heroism.
  7781 | Lair:1   | 7781 ||| INVOKING Heroism.
  8106 | Lair:1   | 8106 ||| INVOKING Heroism.
  8127 | Lair:1   | Reached skill level 13 in Ranged Weapons
  8302 | Lair:1   | 8302 ||| INVOKING Heroism.
  8320 | Lair:1   | Noticed a skyshark
  8322 | Lair:1   | 8322 ||| INVOKING Heroism.
  8328 | Lair:1   | HP: 22/90 [skyshark (2)]
  8329 | Lair:1   | 8329 ||| READING scroll of teleportation.
  8330 | Lair:1   | 8330 ||| DRINKING potion of heal wounds.
  8331 | Lair:1   | Mangled by a skyshark

Levels and vault maps discovered:
D:1:      shiori_arrival_maze, layout_rooms,
          hellmonk_ecumenical_altar_heavens_door, serial_shops,
          nicolae_shop_back_alley_shop, nicolae_shop_statue_plus
D:2:      layout_loops_cross, nicolae_concentric_dashed_squares_mild,
          grunt_ministairs_14
D:3:      wander_river, layout_loops_ring, serial_shops,
          nicolae_shop_hallway_plus, biasface_ghost_orc_armoury
D:4:      layout_basic, mainiacjoe_overflow_tiny_flanked
D:5:      layout_basic, marbit_many_paths, minmay_pentangle
D:6:      layout_basic, hangedman_abyss_or_decor_jellyfish_corner
D:7:      layout_loops_ring, temple_doors_e, serial_shops, shop,
          nicolae_shop_statue_plus, shop, nicolae_shop_hallway_stairs,
          nicolae_shop_just_a_little_nook, kennysheep_generic_room_8
D:8:      layout_rooms, kennysheep_mini_moat, grunt_lair_entry_orc_guard_hut
Temple:   dpeg_three_leaves_temple
Lair:1:   layout_roguey, nicolae_quartered_pool_little,
          amcnicky_altar_lugonu_corruption

Skill      XL: |  1  2  3  4  5  6  7  8  9 10 |
---------------+-------------------------------+-----
Ranged Weapons | 5 6 7 8 9 11 12 13 | 13.1
Fighting       | 3 4 5 6 7 8 |  8.7
Armour         | 1 3 4 |  4.0
Dodging        | 3 4 6 |  6.1
Invocations    | 3 4 |  4.1
Stealth        | |  0.7

Action                     |  1- 3 |  4- 6 |  7- 9 | 10-12 || total
---------------------------+-------+-------+-------+-------++-------
   Fire: Shortbow          |   134 |   188 |    69 |       ||   391
         Orcbow            |       |       |   225 |    78 ||   303
 Invoke: Heroism           |       |       |     3 |     6 ||     9
    Use: Scroll            |     4 |     5 |     9 |     5 ||    23
         Potion            |     1 |     3 |     1 |     1 ||     6
 Armour: Leather armour    |     7 |       |       |       ||     7
         Ring mail         |     9 |    24 |    57 |    20 ||   110
  Dodge: Dodged            |    34 |    49 |    79 |    49 ||   211
  Block: Other             |       |       |    22 |       ||    22
         Reflection        |       |       |     1 |       ||     1

Table legend:
 A = Non-vault XP
 B = Vault XP
 C = Vault XP percentage of total XP
 D = Non-vault monster count
 E = Vault monster count
 F = Vault count percentage of total count
                 A         B        C        D         E       F
            +---------+---------+-------+---------+---------+-------
      Total |    6507 |     956 |  12.8 |     169 |      16 |   8.6
            +---------+---------+-------+---------+---------+-------
        D:1 |      31 |       2 |   6.1 |      20 |       2 |   9.1
        D:2 |      82 |       6 |   6.8 |      18 |       2 |  10.0
        D:3 |      43 |       0 |   0.0 |      18 |       0 |   0.0
        D:4 |     222 |       0 |   0.0 |      22 |       0 |   0.0
        D:5 |    1043 |     291 |  21.8 |      17 |       6 |  26.1
        D:6 |     861 |       0 |   0.0 |      25 |       0 |   0.0
        D:7 |     592 |      80 |  11.9 |      14 |       1 |   6.7
        D:8 |    2029 |     577 |  22.1 |      26 |       5 |  16.1
     Lair:1 |    1604 |       0 |   0.0 |       9 |       0 |   0.0
            +---------+---------+-------+---------+---------+-------
